 Dungeon Crawl Stone Soup version 0.27.1-33-g824d729ab1 (webtiles) character file.

Game seed: 10145938196090765606

112 lordive the Digger (level 4, 0/24 HPs)
             Began as a Gargoyle Earth Elementalist on Dec 25, 2021.
             Slain by a gnoll shaman (5 damage)
             ... on level 3 of the Dungeon.
             The game lasted 00:06:47 (2995 turns).

lordive the Digger (Gargoyle Earth Elementalist)    Turns: 2995, Time: 00:06:47

Health: 0/24       AC:  5    Str: 12    XL:     4   Next: 95%
Magic:  2/9        EV: 12    Int: 16    God:
Gold:   159        SH:  0    Dex: 10    Spells: 2/9 levels left

rFire    . . .     SeeInvis .   k - +0 whip
rCold    . . .     Faith    .   (no shield)
rNeg     + . .     Spirit   .   b - +0 robe
rPois    ∞         Reflect  .   (no helmet)
rElec    +         Harm     .   (no cloak)
rCorr    .         Rampage  .   (no gloves)
Will     .....                  (no boots)
Stlth    +.........             (no amulet)
HPRegen  0.08/turn              (no ring)
MPRegen  0.11/turn              (no ring)

@: lit by a corona, glowing
A: sickness immunity, AC +3, negative energy resistance 1, electricity
resistance, torment resistance 1, petrification resistance
a: no special abilities


You were on level 3 of the Dungeon.
You visited 1 branch of the dungeon, and saw 4 of its levels.

You collected 159 gold pieces.

Inventory:

Hand Weapons
 k - a +0 whip (weapon)
Missiles
 c - 30 stones
Armour
 b - a +0 robe (worn)
 e - a +0 buckler
Magical Staves
 o - a staff of fire
Wands
 l - a wand of iceblast (10)
Scrolls
 a - 2 scrolls of teleportation {unknown}
 d - 4 scrolls of magic mapping {unknown}
 h - 2 scrolls of identify {unknown}
 i - a scroll of immolation {unknown}
 j - a scroll of amnesia {unknown}
 m - a scroll of silence {unknown}
 p - a scroll of enchant weapon {unknown}
Potions
 f - a potion of attraction {unknown}
 g - 3 potions of degeneration {unknown}
 n - a potion of curing {unknown}
 q - a potion of heal wounds {unknown}


   Skills:
 * Level 0.1 Fighting
 * Level 0.7 Armour
 * Level 1.6 Dodging
 + Level 2.2 Stealth
 * Level 0.1 Shields
 * Level 3.4 Spellcasting
 * Level 1.2 Conjurations
 + Level 0.7 Transmutations
 * Level 4.7 Earth Magic


You had 2 spell levels left.
You knew the following spells:

 Your Spells              Type           Power      Damage    Failure   Level
a - Sandblast             Erth           34%        2d9       2%          1
b - Stone Arrow           Conj/Erth      24%        3d8       16%         3
c - Conjure Flame         Conj/Fire      4%         6-21      38%         3

Your spell library contained the following spells:

 Spells                   Type           Power      Damage    Failure   Level
 Passwall                 Tmut/Erth      9%         N/A       9%          2
 Corona                   Hex            2%         N/A       19%         1
 Ensorcelled Hibernation  Hex/Ice        4%         N/A       26%         2
 Slow                     Hex            2%         N/A       26%         2
 Ignite Poison            Fire/Tmut/Pois 3%         N/A       43%         3
 Confusing Touch          Hex            2%         N/A       47%         3
 Ozocubu's Armour         Ice            2%         N/A       47%         3
 Tukima's Dance           Hex            2%         N/A       47%         3
 Vampiric Draining        Necr           1%         2d6       47%         3
 Petrify                  Tmut/Erth      11%        N/A       50%         4
 Sticky Flame             Conj/Fire      4%         2d3       80%         4
 Metabolic Englaciation   Hex/Ice        1%         N/A       99%         5
 Simulacrum               Ice/Necr       1%         N/A       100%        6


Dungeon Overview and Level Annotations

Branches:
Dungeon (4/15)
 Temple: D:4-7

Altars:


Innate Abilities, Weirdness & Mutations

You are immune to sickness and miasma.
Your stone body is resilient. (AC +3)
You are immune to poison.
You resist negative energy. (rN+)
You are resistant to electric shocks. (rElec)
You are resistant to unholy torment.
You are immune to petrification.


Message History

There is a stone staircase leading up here.
The gnoll shaman closely misses you. The gnoll misses you.
The gnoll hits you but does no damage.
You climb upwards.
There is a stone staircase leading down here.
You hit the gnoll.
You kill the gnoll!
The gnoll shaman hits you with a +0 club!
* * * LOW HITPOINT WARNING * * *
The gnoll hits you with a +0 club.
* * * LOW HITPOINT WARNING * * *
Unknown command.
Things that are here:
a +0 spear; a gnoll corpse
Casting: Sandblast (safe; 2% risk of failure)
Confirm with . or Enter, or press ? or * to list all spells.
Aiming: Sandblast (safe; 2% risk of failure)
Press: ? - help, Shift-Dir - straight line, f - gnoll shaman
Aim: a gnoll shaman, wielding a +0 club and wearing a +0 leather armour (82% to hit)
The blast of sand hits the gnoll shaman.
The gnoll shaman is lightly wounded.
The gnoll shaman barely misses you.
Casting: Sandblast (safe; 2% risk of failure)
Confirm with . or Enter, or press ? or * to list all spells.
Aiming: Sandblast (safe; 2% risk of failure)
Press: ? - help, Shift-Dir - straight line, f/p - gnoll shaman
Aim: a gnoll shaman, wielding a +0 club and wearing a +0 leather armour (lightly wounded, 82% to hit)
The blast of sand hits the gnoll shaman.
The gnoll shaman is lightly wounded.
The gnoll shaman barely misses you.
Casting: Sandblast (safe; 2% risk of failure)
Confirm with . or Enter, or press ? or * to list all spells.
Aiming: Sandblast (safe; 2% risk of failure)
Press: ? - help, Shift-Dir - straight line, f/p - gnoll shaman
Aim: a gnoll shaman, wielding a +0 club and wearing a +0 leather armour (lightly wounded, 82% to hit)
The blast of sand misses the gnoll shaman.
The blast of sand hits the gnoll!
You kill the gnoll!
The gnoll shaman hits you with a +0 club.
You die...

#.#.# #.#.##########
#.#..........#
############.........##.#
................>....##†#
#####...........)##..##.#
.........#######)##..##.#
.........'.....#g##..##.##
.........#####.#@##......#
.........# ###.#.###.#####
#####..#.# #...#.........#
#####..#.# #.######.###.##
.......#.# #..........#.#
#####.##(##########.#.#.#
#..<...#.#........#.#.#.#
#+#....#..........#.#.#.#
......####.########.#.#.#


You could see a gnoll shaman.

Vanquished Creatures
  3 gnolls
  3 adders
  3 worms
  2 dart slugs
  4 orcs
  3 ball pythons
  4 endoplasms
  A giant cockroach (D:1)
  7 hobgoblins
  2 jackals (D:2)
  4 kobolds
  A quokka (D:3)
  5 bats
  3 frilled lizards
  3 goblins
  3 rats
51 creatures vanquished.

Notes
Turn   | Place    | Note
-------+----------+-------------------------------------------
     0 | D:1      | lordive the Gargoyle Earth Elementalist began the quest for
                  | the Orb.
     0 | D:1      | Reached XP level 1. HP: 10/10 MP: 3/3
   244 | D:1      | Reached XP level 2. HP: 15/15 MP: 3/5
   273 | D:1      | Reached skill level 4 in Earth Magic
   362 | D:1      | Found a faded altar of an unknown god.
   364 | D:1      | You fall into a shaft and drop 1 floor!
   761 | D:2      | Reached XP level 3. HP: 16/19 MP: 1/6
  1492 | D:2      | Reached XP level 4. HP: 24/24 MP: 3/8
  1608 | D:2      | Reached skill level 1 in Conjurations
  2330 | D:3      | Learned a level 3 spell: Stone Arrow
  2334 | D:3      | Learned a level 3 spell: Conjure Flame
  2782 | D:3      | Noticed a scorpion
  2995 | D:3      | Slain by a gnoll shaman

Illustrated notes

Levels and vault maps discovered:
D:1:      dpeg_arrival_solitude, layout_loops_ring,
          chequers_ecumenical_altar_simple_redux, minmay_unequal
D:2:      layout_loops_corners, serial_park_tiny_pond, minmay_statues_item
D:3:      layout_basic, lightli_corner_chamber
D:4:      layout_cave_pools, minmay_temple_entry_arrows

Skill      XL: |  1  2  3  4 |
---------------+-------------+-----
Earth Magic    | 4 |  4.7
Spellcasting   | 3 |  3.4
Conjurations   | 1 |  1.2
Fighting       | |  0.1
Armour         | |  0.7
Dodging        | |  1.6
Stealth        | |  2.2
Shields        | |  0.1
Transmutations | |  0.7

Action                   |  1- 3 |  4- 6 || total
-------------------------+-------+-------++-------
Melee: Club              |     4 |       ||     4
       Whip              |       |     2 ||     2
 Cast: Sandblast         |    38 |    44 ||    82
Armor: Robe              |    13 |     2 ||    15
Dodge: Dodged            |     7 |    11 ||    18
